 Dungeon Crawl Stone Soup version 0.17.1-2-g5865329 (webtiles) character file.

67 Bubs the Skirmisher (level 4, -1/37 HPs)
             Began as a Demonspawn Abyssal Knight on Jan 24, 2016.
             Was a Follower of Lugonu.
             Slain by an adder (3 damage)
             ... on level 2 of the Dungeon.
             The game lasted 00:05:46 (1310 turns).

Bubs the Skirmisher (Demonspawn Abyssal Knight)     Turns: 1310, Time: 00:05:47

Health: -1/37      AC:  8    Str: 13    XL:     4   Next: 0%
Magic:  6/6        EV: 10    Int: 13    God:    Lugonu [*.....]
Gold:   47         SH:  0    Dex: 13    Spells: 0 memorised, 3 levels left

rFire  . . .     SeeInvis .     a - +1 hand axe
rCold  . . .     Clarity  .     j - +0 ring mail
rNeg   + . .     SustAt   .     (no shield)
rPois  .         Gourm    .     (no helmet)
rElec  .         Spirit   .     (no cloak)
rCorr  .         Warding  .     (no gloves)
rMut   .         Stasis   .     k - +0 pair of boots
MR     .....                    (no amulet)
Stlth  +.........               (no ring)
                                f - ring of positive energy

@: lethally poisoned (-1 -> -3), not resistant to hostile enchantments, very
unstealthy
A: talons 1, thin metallic scales 1, rot immunity
a: Depart the Abyss, Renounce Religion


You were on level 2 of the Dungeon.
You worshipped Lugonu.
Lugonu was aware of your devotion.
You were not hungry.

You visited 1 branch of the dungeon, and saw 2 of its levels.
You visited the Abyss 1 time.

You collected 47 gold pieces.

Inventory:

Hand Weapons
 a - a +1 hand axe (weapon)
Armour
 j - a +0 ring mail (worn)
 k - a +0 pair of boots (worn)
Jewellery
 f - a ring of positive energy (left hand)
Scrolls
 e - a scroll of remove curse {unknown}
 g - a scroll of identify {unknown}
 h - a scroll of teleportation {unknown}
 i - a scroll of magic mapping {unknown}
 o - a scroll of immolation {unknown}
Potions
 l - a potion of haste {unknown}
 n - a potion of brilliance {unknown}
Books
 d - a book of the Tempests

   Spells                             Type                      Level
   a - Static Discharge               Conjuration/Air              3
   b - Lightning Bolt                 Conjuration/Air              5
   c - Fireball                       Conjuration/Fire             5
   d - Tornado                        Air                          9
   e - Shatter                        Earth                        9
 m - a book of the Dragon

   Spells                             Type                      Level
   a - Flame Tongue                   Conjuration/Fire             1
   b - Cause Fear                     Hexes                        4
   c - Bolt of Fire                   Conjuration/Fire             6
   d - Dragon Form                    Transmutation                7
   e - Dragon's Call                  Summoning                    9
Comestibles
 c - 2 bread rations
 p - 3 chunks of flesh


   Skills:
 + Level 3.8 Fighting
 + Level 2.3 Axes
 + Level 2.1 Armour
 + Level 1.5 Dodging
 + Level 2.9 Invocations


You had 3 spell levels left.
You didn't know any spells.

Dungeon Overview and Level Annotations

Branches:
Dungeon (2/15)

Altars:
Cheibriados
Kikubaaqudgha


Innate Abilities, Weirdness & Mutations

You have sharp toenails.
You are partially covered in thin metallic scales (AC +2).
You are immune to rotting.


Message History

The adder bites you.
* * * LOW HITPOINT WARNING * * *
You are poisoned.
The adder poisons you!
You miss the adder.
The adder is almost dead.
You feel sick. The adder closely misses you. The adder bites you.
* * * LOW HITPOINT WARNING * * *
You closely miss the adder.
The adder is almost dead.
The adder completely misses you.
You barely miss the adder.
The adder is almost dead.
* * * LOW HITPOINT WARNING * * *
You feel sick. The adder barely misses you. The adder bites you.
* * * LOW HITPOINT WARNING * * *
You miss the adder.
The adder is almost dead.
The adder bites you.
You die...

.# #...##...
...########.# .#
#.### ####.# #.###
#.# .# #.# . #.#
#.# .# #.# .# #.#
#.## .# #.# .##..
#..# .# #.# ....##
##.# .# #.# #....
#.# .# #.# #.S#
#.# .# #.# #@# ..
#.# .# #.# ####.#
#.# #.# .# #.#
#....# #..## #.#
####.# #.#### #..#
#.# .##..# ##<#
##.### #.# # #.##
###..# ##....###..
###.# #...##
#.......... #.#.#
#.### #......#...
..#.# #.#
#########.>..##...


You could see an adder.

Vanquished Creatures
  3 adders (D:2)
  An ooze (D:2)
  6 bats
  2 goblins
  10 hobgoblins
  4 kobolds
  4 giant cockroaches
  3 giant newts (D:2)
  3 rats
36 creatures vanquished.

Notes
Turn   | Place    | Note
--------------------------------------------------------------
     0 | Abyss:1  | Bubs the Demonspawn Abyssal Knight began the quest for the Orb.
     0 | Abyss:1  | Reached XP level 1. HP: 18/18 MP: 2/2
     2 | Abyss:1  | Found a bloodstained altar of Trog.
    89 | Abyss:2  | Noticed a shadow
    90 | D:1      | Escaped the Abyss
   317 | D:1      | Reached * piety under Lugonu
   331 | D:1      | Gained mutation: You are immune to rotting. [demonic ancestry]
   331 | D:1      | Reached XP level 2. HP: 20/24 MP: 3/3
   775 | D:2      | Reached skill level 1 in Dodging
   811 | D:2      | Gained mutation: You have sharp toenails. [demonic ancestry]
   811 | D:2      | Reached XP level 3. HP: 29/29 MP: 5/5
  1228 | D:2      | Found an ancient bone altar of Kikubaaqudgha.
  1229 | D:2      | Found a snail-covered altar of Cheibriados.
  1269 | D:2      | HP: 1/30 [adder (1)]
  1273 | D:2      | Gained mutation: You are partially covered in thin metallic scales (AC +2). [demonic ancestry]
  1273 | D:2      | Reached XP level 4. HP: 14/37 MP: 6/6
  1310 | D:2      | Slain by an adder

Action                   |  1- 3 |  4- 6 || total
-------------------------+-------+-------++-------
Melee: Hand axe          |   115 |    17 ||   132
Invok: Depart the Abyss  |     1 |       ||     1
  Use: Potion            |     1 |     1 ||     2
  Eat: Chunk             |     1 |     1 ||     2
